 Dungeon Crawl Stone Soup version 0.31-a0-1074-g0b22e4e0f1 (webtiles) character file.

Game seed: 13901377968406042629

503134 grandjackal the Hand of Fortune (level 24, -8/218 HPs)
             Began as a Demonspawn Gladiator on Nov 30, 2023.
             Was the Champion of Nemelex Xobeh.
             Killed from afar by Josephina (36 damage)
             ... with a seracfall
             ... on level 4 of the Depths.
             The game lasted 01:47:02 (56112 turns).

grandjackal the Hand of Fortune (DsGl)             Turns: 56112, Time: 01:47:03

Health: -8/218     AC: 50    Str: 18    XL:     24   Next: 8%
Magic:  0/40       EV:  4    Int: 20    God:    Nemelex Xobeh [******]
Gold:   4254       SH: 22    Dex: 14    Spells: 23/23 levels left

rFire   + + .        V - +9 broad axe (freeze)
rCold   + + .        R - +0 kite shield of Higgoule {*Slow rN+ Int+3}
rNeg    + + .        h - +6 gold dragon scales
rPois   +            Z - +2 helmet {SInv}
rElec   .            (cloak unavailable)
rCorr   .            i - +2 pair of gloves {infuse}
SInv    +            r - +2 pair of boots {rampage}
Will    ++...        k - amulet of reflection Stlth
                     X - ring "Fallob" {rPois rF+ rN+ Str-2 Int+4 Dex-2}
HPRegen 0.56/turn    m - ring of protection from cold
MPRegen 0.54/turn

%: slow self (1%), reflection, guardian spirit, rampage
@: about to teleport, studying Polearms
A: slimy green scales 3, icemail 2, torment resistance 1, magic shield, magic
regeneration, magic link, condensation shield, demonic willpower, weakness
stinger 3, weak 1
}: 2/15 runes: decaying, gossamer
a: Renounce Religion, Draw Escape, Draw Destruction, Draw Summoning, Triple
Draw, Deal Four, Stack Five


You were on level 4 of the Depths.
You worshipped Nemelex Xobeh.
Nemelex Xobeh was exalted by your worship.
You visited 9 branches of the dungeon, and saw 44 of its levels.
You also visited: Gauntlet, Wizlab and Desolation.

You collected 8120 gold pieces.
You spent 3866 gold pieces at shops.

Inventory:

Hand Weapons
 V - a +9 broad axe of freezing (weapon)
Missiles
 d - 7 throwing nets (quivered)
Armour
 h - +6 gold dragon scales (worn)
 i - a +2 pair of gloves of infusion (worn)
 n - the +0 pair of gloves of Failure {*Corrode rPois rN+++ Int+4}
   (You found it on level 4 of the Spider Nest)

   Int+4:     It affects your intelligence (+4).
   rPois:     It protects you from poison rN+++: It renders you almost immune to
   negative energy.
   *Corrode:  It may corrode you when you take damage.
 r - a +2 pair of boots of rampaging (worn)
 y - a +2 buckler
 G - a +2 tower shield
 L - +2 storm dragon scales {Bai Suzhen}
 R - the +0 kite shield of Higgoule (worn) {*Slow rN+ Int+3}
   (You bought it in a shop on level 2 of the Elven Halls)

   Int+3:     It affects your intelligence (+3).
   rN+:       It protects you from negative energy.
   *Slow:     It may slow you when you take damage.
 Z - a +2 helmet of see invisible (worn)
Jewellery
 f - the dreamshard necklace {Acrobat *Dream}
   (You found it on level 3 of the Elven Halls)

   [amulet of the acrobat]

   *Dream:    It absorbs a single lethal wound into itself, holding its wearer
   just short of death and releasing dream-creatures to guard them.
   Acrobat:   It increases your evasion while moving and waiting.
 j - a ring of positive energy
 k - an amulet of reflection (around neck)
 m - a ring of protection from cold (right hand)
 v - a ring of resist corrosion
 w - a ring of willpower
 S - the ring "Nuapsodd" {rF+ rC- Dex+3 Slay+5 SInv}
   (You took it off a deep elf annihilator on level 3 of the Elven Halls)

   [ring of see invisible]

   Dex+3:     It affects your dexterity (+3).
   Slay+5:    It affects your accuracy & damage with ranged weapons and melee
   (+5).
   rF+:       It protects you from fire.
   rC-:       It makes you vulnerable to cold.
   SInv:      It lets you see invisible.
 X - the ring "Fallob" (left hand) {rPois rF+ rN+ Str-2 Int+4 Dex-2}
   (You found it in a Gauntlet)

   [ring of protection from fire]

   Str-2:     It affects your strength (-2).
   Int+4:     It affects your intelligence (+4).
   Dex-2:     It affects your dexterity (-2).
   rF+:       It protects you from fire.
   rPois:     It protects you from poison rN+: It protects you from negative
   energy.
 Y - the ring "Icakh" {Fly Dex+3}
   (You found it in a Gauntlet)

   [ring of flight]

   Dex+3:     It affects your dexterity (+3).
   Fly:       It grants you flight.
Wands
 c - a wand of light (9)
 C - a wand of digging (17)
 D - a wand of roots (37)
 I - a wand of mindburst (36)
 P - a wand of flame (65)
Scrolls
 b - 3 scrolls of summoning
 e - 7 scrolls of fog
 l - 11 scrolls of vulnerability
 o - 6 scrolls of immolation
 q - 7 scrolls of revelation
 s - 20 scrolls of teleportation
 E - 8 scrolls of blinking
 F - 7 scrolls of fear
 K - 24 scrolls of identify
 O - 10 scrolls of poison
Potions
 g - 8 potions of brilliance
 p - 5 potions of cancellation
 t - 4 potions of enlightenment
 u - 4 potions of might
 x - 16 potions of curing
 A - 7 potions of heal wounds
 B - a potion of berserk rage
 J - 12 potions of ambrosia
 M - 3 potions of magic
 N - 10 potions of attraction
 Q - 3 potions of mutation
 T - a potion of resistance
 U - 7 potions of haste
 W - 3 potions of invisibility


   Skills:
 + Level 24.3 Fighting
 - Level 18.5 Axes
 - Level 1.7 Throwing
 + Level 16.6 Armour
 - Level 3.0 Dodging
 + Level 15.2 Shields
 O Level 27 Invocations


You had 23 spell levels left.
You didn't know any spells.
Your spell library contained the following spells:

 Spells                   Type           Power      Damage    Failure   Level
 Apportation              Tloc           0%         N/A       100%        1
 Foxfire                  Conj/Fire      0%         2x1d4     100%        1
 Kiss of Death            Conj/Necr      0%         2d5       100%        1
 Necrotise                Necr           0%         1d4       100%        1
 Sandblast                Erth           0%         2d4       100%        1
 Sting                    Tmut/Pois      0%         1d3       100%        1
 Summon Small Mammal      Summ           0%         N/A       100%        1
 Cigotuvi's Dreadful Rot  Necr/Pois/Air  0%         N/A       100%        2
 Jinxbite                 Hex            0%         N/A       100%        2
 Passwall                 Tmut/Erth      0%         N/A       100%        2
 Poisonous Vapours        Pois/Air       0%         N/A       100%        2
 Sublimation of Blood     Necr           0%         N/A       100%        2
 Wereblood                Tmut           0%         N/A       100%        2
 Call Canine Familiar     Summ           0%         N/A       100%        3
 Gell's Gravitas          Tloc           0%         N/A       100%        3
 Hailstorm                Conj/Ice       0%         3d3       100%        3
 Ignite Poison            Fire/Tmut/Pois 0%         N/A       100%        3
 Ozocubu's Armour         Ice            0%         N/A       100%        3
 Stone Arrow              Conj/Erth      0%         3d7       100%        3
 Summon Guardian Golem    Hex/Summ       0%         N/A       100%        3
 Swiftness                Air            0%         N/A       100%        3
 Teleport Other           Tloc           0%         N/A       100%        3
 Vampiric Draining        Necr           0%         2d6       100%        3
 Anguish                  Hex/Necr       0%         N/A       100%        4
 Animate Dead             Necr           0%         N/A       100%        4
 Brom's Barrelling Bould  Conj/Erth      0%         2d3       100%        4
 Cause Fear               Hex            0%         N/A       100%        4
 Dispel Undead            Necr           0%         3d6       100%        4
 Olgreb's Toxic Radiance  Pois           0%         N/A       100%        4
 Sticky Flame             Conj/Fire      0%         2d3       100%        4
 Summon Ice Beast         Ice/Summ       0%         N/A       100%        4
 Agony                    Necr           0%         N/A       100%        5
 Alistair's Intoxication  Tmut/Pois      0%         N/A       100%        5
 Freezing Cloud           Conj/Ice/Air   0%         6-21      100%        5
 Summon Forest            Summ/Tloc      0%         N/A       100%        5
 Summon Mana Viper        Hex/Summ       0%         N/A       100%        5
 Death Channel            Necr           0%         N/A       100%        6
 Dispersal                Tloc           0%         N/A       100%        6
 Eringya's Noxious Bog    Tmut/Pois      0%         4d6       100%        6
 Plasma Beam              Fire/Air       0%         2x1d10    100%        6
 Simulacrum               Ice/Necr       0%         N/A       100%        6
 Starburst                Conj/Fire      0%         6d3       100%        6
 Enfeeble                 Hex            0%         N/A       100%        7
 Haunt                    Necr/Summ      0%         N/A       100%        7
 Monstrous Menagerie      Summ           0%         N/A       100%        7
 Orb of Destruction       Conj           0%         9d5       100%        7
 Ozocubu's Refrigeration  Ice            0%         4d7       100%        7
 Spellforged Servitor     Conj/Summ      0%         N/A       100%        7
 Summon Hydra             Summ           0%         N/A       100%        7
 Borgnjor's Revivificati  Necr           0%         N/A       100%        8
 Ignition                 Fire           0%         3d3       100%        8
 Death's Door             Necr           0%         N/A       100%        9


Dungeon Overview and Level Annotations

Branches:
Dungeon (15/15)            Temple (0/1) D:5            Lair (5/5) D:8
  Swamp (4/4) Lair:3       Spider (4/4) Lair:3        Slime (0/5) Lair:5
    Orc (2/2) D:10            Elf (3/3) Orc:2        Vaults (4/5) D:14
  Crypt (3/3) Vaults:3       Tomb (0/3) Crypt:3      Depths (4/4) D:15
 WizLab (visited)         Desolation (visited)      Gauntlet (visited)
    Zot: Depths:4

Altars:
Dithmenos
Fedhas
Hepliaklqana
Kikubaaqudgha
Nemelex Xobeh
Qazlal
Ru
Sif Muna
Trog
Wu Jian
Yredelemnul
Jiyva

Shops:
D:4 *   D:7 ?   D:12 =:??[   D:15 :   Orc:1 [   Orc:2 ([?:   Elf:1 !?
Elf:2 [*   Vaults:2 :   Vaults:3 [   Depths:2 =

Portals:
Hell: Depths:1 Depths:2 Depths:3
Abyss: Depths:3 Depths:4
Pandemonium: Depths:1 Depths:2 Depths:3
Ziggurat: Depths:2
Trove: D:13 (give 8 potions of haste)

Annotations:
D:2 exclusion: door
D:8 3 runed translucent doors, obanaku's ghost, novice MiBe
D:10 2 transporters, freelancePsychic's ghost, novice DsCA
D:11 4 transporters
D:12 3 runed translucent doors, grandjackal's ghost, journeyman TeCj
Orc:2 bmb222's ghost, journeyman FoSh
Elf:2 3 runed translucent doors
Crypt:3 1 runed translucent door, Rudyous's ghost, veteran DjIE
Depths:4 Josephina


Innate Abilities, Weirdness & Mutations

You are completely covered in slimy green scales. (AC +4, rPois)
A meltable icy envelope protects you from harm. (AC +8)
You are resistant to unholy torment.
When hurt, damage is shared between your health and your magic reserves.
You regenerate magic rapidly.
When low on magic, you restore magic in place of health.
A meltable shield of frost defends you. (SH +4)
You punish those that try to bend your will. (Will+)
You have a sharp stinger which inflicts weakening toxins.
You are weak. (Str -2)


Message History

You tail-slap the deep troll shaman.
The deep troll shaman looks weaker.
The deep troll shaman is lightly wounded.
You block the deep troll shaman's attack. x2
The deep troll shaman claws you but does no damage.
You hit the deep troll shaman but do no damage.
The deep troll shaman is lightly wounded.
The deep troll shaman bites you but does no damage.
You block the deep troll shaman's attack. x2
You slice the deep troll shaman!! You freeze the deep troll shaman!
You tail-slap the deep troll shaman.
The deep troll shaman is almost dead.
You block the deep troll shaman's attack.
The deep troll shaman claws you but does no damage.
You block the deep troll shaman's attack.
You slice the deep troll shaman!! You freeze the deep troll shaman.
You kill the deep troll shaman!
Your icy envelope is restored.
A sphinx simulacrum comes into view.
You rampage towards the sphinx simulacrum!
You rampage towards the sphinx simulacrum!
A caustic shrike simulacrum comes into view.
A juggernaut simulacrum and an iron troll come into view.
The deep troll earth mage shouts!
The iron troll shouts!
The sphinx simulacrum hits you but does no damage.
You block the sphinx simulacrum's attack.
The sphinx simulacrum hits you but does no damage.
Josephina the Ice-Lich comes into view.
She is wielding the staff of Ruesseiph {rF+ rC+ rN+ Ice}, wearing a +2 robe of positive energy and wearing the ring "Tuon" {Ice +Blink rPois rCorr Str-4}.
Unknown command.
Unknown command.
As you read the scroll of teleportation, it crumbles to dust.
You feel strangely unstable.
Josephina shouts!
The deep troll shaman shouts!
The iron troll shouts!
You block the sphinx simulacrum's attack.
The sphinx simulacrum hits you but does no damage.
You block the sphinx simulacrum's attack.
Josephina mumbles some strange words.
The sphinx simulacrum collapses into a mass of ice!
The mass of ice explodes!
The seracfall engulfs you!!! You partially resist.
You die...
Your body glows with a rainbow of weird colours and disappears.

####.. ..# #.#### ...#.## #.#####
#.# #####....# #.#...# #.#
....#....#####.#.#.#########.#
###.#..........#....<........#
#.#..........#####...L.^..#####
###.#.......(..#..Z............#.
)................☼...ZT..........
.##.#....(.....#@###........##...
.##.#....#####.#.# #..TTT...##...
..#...#..)...#.#.# #........##..#
|.##########.#.#.# #........##...
........ #.#.# #...########.#
....#### ..#.# ...# #.# #.#.#
..#.. .. #.# #.#.# #^. #.# .#..
#.#


You could see Josephina, an iron troll, a caustic shrike simulacrum and a
juggernaut simulacrum.

Vanquished Creatures
  Sojobo (Depths:3)
  Nikola (Swamp:2)
  A profane servitor (Crypt:3)
  3 golden dragons
  A bone dragon (Crypt:3)
  Arachne (Spider:2)
  4 tentacled monstrosities (Depths:3)
  An iron giant (Swamp:3)
  5 liches
  Jorgrun (Elf:2)
  Zenata (Crypt:1)
  Mlioglotl (Spider:3)
  2 walking earthen tomes (Depths:3)
  2 quicksilver dragons
  A deep elf master archer (Elf:3)
  2 titans (Depths:3)
  11 sphinxes
  A walking frostbound tome (Depths:3)
  4 ancient champions
  Kirke (Swamp:1)
  Agnes (D:14)
  5 tengu reavers
  Donald (Elf:3)
  6 shadow dragons
  2 storm dragons (Depths:3)
  4 revenants
  An azure jelly (Elf:3)
  4 thorn hunters
  6 fenstrider witches
  Aizul (Spider:3)
  A draconian monk (Depths:4)
  Roxanne (D:14)
  4 frost giants
  2 deep elf sorcerers
  5 fire giants
  12 vault wardens
  A balrug (Depths:3)
  A deep elf elementalist (Elf:3)
  3 caustic shrike zombies
  3 ghost moths
  A draconian stormcaller (Depths:4)
  A juggernaut zombie (Crypt:2)
  3 emperor scorpions
  4 ghouls
  A curse skull (Crypt:2)
  A reaper (Depths:1)
  9 ironbound thunderhulks
  15 ironbound preservers
  2 orc warlords
  3 formless jellyfish
  4 broodmothers (Spider:4)
  7 stone giants
  8 vampire knights
  A rockslime zombie (Crypt:1)
  5 very ugly things
  2 black draconians (Depths:4)
  3 deep elf demonologists (Elf:3)
  A green draconian (Depths:4)
  4 eleionomae
  5 deep elf annihilators (Elf:3)
  2 minotaurs
  2 bunyips
  12 dire elephants
  3 spark wasps
  2 yellow draconians (Depths:4)
  A minotaur (shapeshifter) (Elf:2)
  4 halazid warlocks
  2 red draconians (Depths:4)
  A green death (Swamp:4)
  9 fire dragons
  2 blizzard demons
  A spectral quicksilver dragon (WizLab)
  10 ettins
  9 eidola
  13 jiangshi
  7 ragged hierophants (Desolation)
  6 deep elf death magi
  3 mummy priests (Crypt:3)
  12 yaktaur captains
  9 great orbs of eyes
  A deep elf high priest (Elf:3)
  5 entropy weavers
  A quicksilver dragon zombie (WizLab)
  Fannar (D:10)
  4 rakshasas
  14 hydras
  6 servants of whispers (Desolation)
  14 vault guards
  A ghost crab (Swamp:4)
  8 ice dragons
  13 ironbound frosthearts
  A jorogumo (Spider:4)
  2 spriggan air magi (Depths:2)
  8 alligators
  An ice dragon (shapeshifter) (Depths:3)
  6 peacekeepers
  2 catoblepae
  11 centaur warriors
  9 boulder beetles
  5 radroaches
  18 dancing weapons
  2 two-headed ogres
  Erica (Lair:2)
  3 deep troll earth magi (Depths:3)
  4 deep troll shamans
  A satyr (Elf:3)
  3 vampire magi
  A bennu skeleton (Crypt:1)
  A death yak (Elf:3)
  8 orc high priests
  5 occultists
  5 demonic crawlers
  2 spriggan berserkers
  A titan zombie (WizLab)
  A holy swine (Depths:4)
  2 tengu warriors
  Sonja (Lair:1)
  A spectral storm dragon (Crypt:2)
  5 soul eaters
  13 spriggans
  12 hell knights
  14 deep elf knights
  2 sun moths
  4 goliath frogs
  7 shadow wraiths
  8 pharaoh ants
  3 sixfirhies
  A sea snake (Elf:3)
  Amaemon (D:8)
  2 spectral spark wasps (WizLab)
  A death drake (Swamp:4)
  26 skeletal warriors
  3 flayed ghosts
  A golden dragon zombie (Depths:3)
  5 iron trolls (Depths:3)
  3 glowing orange brains
  An orb spider (shapeshifter) (Depths:1)
  8 swamp dragons
  42 deep trolls
  2 arcanists
  8 orb spiders
  6 spriggan druids
  A death drake (shapeshifter) (Depths:4)
  23 orc knights
  19 phantasmal warriors
  6 bog bodies
  An anaconda skeleton (Crypt:2)
  4 steelbarb worms
  16 deep elf archers
  2 harpies
  16 ironbound convokers
  14 lindwurms
  27 deep elf pyromancers
  3 wolf spider zombies
  32 deep elf zephyrmancers
  A spectral wolf spider (WizLab)
  2 frost giant zombies (Depths:3)
  2 ugly things
  A spectral spriggan (WizLab)
  3 cyclopes
  A cyclops (shapeshifter) (Depths:4)
  23 wolf spiders
  An iron dragon zombie (Crypt:1)
  3 spectral ice dragons (Crypt:2)
  8 orc sorcerers
  4 will-o-the-wisps
  7 necromancers
  2 moths of wrath
  A manticore (D:14)
  A salamander (Depths:2)
  A fire giant skeleton (Depths:3)
  3 spectral fire dragons (Crypt:2)
  13 elephants
  A water nymph (shapeshifter) (Depths:2)
  A frost giant skeleton (Crypt:2)
  5 black mambas
  7 guardian serpents (Desolation)
  6 cane toads
  2 centaur zombies (D:15)
  6 torpor snails
  11 vault sentinels
  5 gargoyles
  3 smoke demons
  4 unseen horrors
  A minotaur zombie (Gauntlet)
  3 orange demons
  A large abomination (Gauntlet)
  Maggie (D:9)
  2 hellions
  3 rime drakes
  An efreet (D:15)
  2 centaur skeletons
  6 tengu conjurers
  A tormentor (Depths:2)
  29 yaktaurs
  5 freezing wraiths
  An alligator snapping turtle skeleton (Crypt:3)
  9 komodo dragons
  An ice devil (Depths:4)
  11 guardian mummies (Crypt:3)
  A minotaur skeleton (Crypt:3)
  2 harpy zombies
  6 meliai
  7 trolls
  A queen bee (Lair:3)
  A bloated husk (Swamp:4)
  A red devil (Depths:4)
  16 tyrant leeches
  10 polar bears (Lair:5)
  36 tarantellas
  16 blink frogs
  6 raiju
  12 hornets
  52 saltlings (Desolation)
  4 dream sheep
  A glass eye (shapeshifter) (Elf:2)
  2 air elementals (Elf:1)
  A meliai zombie (Gauntlet)
  36 jumping spiders
  30 culicivoras
  39 flying skulls
  11 slime creatures
  A ynoxinul (Depths:1)
  2 shadows
  4 wyverns
  An ice dragon skeleton (Crypt:1)
  9 wraiths
  An ettin skeleton (Crypt:1)
  A vampire (D:9)
  5 hogs (Swamp:1)
  6 water elementals
  3 ushabtiu (Crypt:3)
  4 fire elementals
  A human (shapeshifter) (Elf:1)
  41 yaks
  A human (D:14)
  A basilisk (shapeshifter) (Depths:3)
  11 basilisks
  48 redbacks
  2 steam dragons
  13 vampire mosquitoes
  A chaos spawn (Swamp:4)
  A neqoxec (Swamp:4)
  14 swamp worms
  10 wargs
  2 cane toad zombies
  8 water moccasins
  A faun skeleton (Crypt:3)
  2 acid dragons (Lair:5)
  12 hell hounds (Lair:5)
  Duvessa (D:7)
  5 swamp drakes
  A black bear (shapeshifter) (Elf:2)
  2 ice beasts
  58 orc warriors
  A sky beast (D:7)
  11 black bears (Lair:5)
  3 ogres
  4 boggarts (Vaults:1)
  10 centaurs
  17 wolves
  A lindwurm skeleton (Crypt:2)
  2 phantoms
  An elf zombie (Crypt:3)
  5 earth elementals
  A kobold brigand (D:10)
  16 bullfrogs
  3 necrophages (Crypt:2)
  5 small abominations (Gauntlet)
  2 scorpions
  3 gnoll sergeants
  A yak zombie (Crypt:3)
  7 wights
  Dowan (D:7)
  33 killer bees
  A raiju skeleton (Crypt:2)
  3 howler monkeys
  3 electric eels
  A wolf skeleton (Crypt:1)
  5 jellies
  37 orc priests
  2 hounds (D:6)
  5 iguanas
  2 sleepcaps
  20 orc wizards
  Natasha (thrice) (D:3)
  7 hell rats (Lair:1)
  A boggart zombie (D:15)
  An acid dragon skeleton (Crypt:3)
  10 adders
  10 gnolls
  16 river rats (Lair:1)
  A shadow imp (D:6)
  A steam dragon skeleton (Crypt:1)
  A white imp (D:6)
  An iguana zombie (Crypt:1)
  3 dart slugs
  84 orcs
  16 endoplasms
  7 giant cockroaches
  9 goblins
  6 hobgoblins
  13 quokkas
  4 ball pythons
  2 bats
  6 frilled lizards
  A gnoll zombie (Crypt:3)
  A goblin zombie (Crypt:3)
  15 kobolds
  14 rats
2022 creatures vanquished.

Vanquished Creatures (collateral kills)
  A deep elf master archer (Elf:3)
  6 ancient champions (Crypt:3)
  2 imperial myrmidons (Desolation)
  A fire giant (Depths:4)
  3 deep elf sorcerers (Elf:3)
  An orc warlord (Orc:2)
  A deep elf demonologist (Elf:3)
  Nessos (D:14)
  A deep elf annihilator (Elf:3)
  A halazid warlock (Desolation)
  3 deep elf death magi (Elf:3)
  A crystal guardian (Desolation)
  A ragged hierophant (Desolation)
  2 servants of whispers (Desolation)
  An ice dragon (Depths:4)
  A death knight (D:14)
  8 skeletal warriors
  An ironbound convoker (Desolation)
  3 naga zombies (Crypt:3)
  3 saltlings (Desolation)
  A hog (shapeshifter) (Elf:3)
  An orc (Orc:2)
44 creatures vanquished.

Vanquished Creatures (others)
  An eidolon (WizLab)
  An occultist (Depths:3)
  2 deep elf knights (Elf:2)
  A sixfirhy (Depths:4)
  A sphinx simulacrum (Depths:4)
  A bloated husk (Swamp:3)
  A tyrant leech (Swamp:2)
  A flying skull (WizLab)
  A shadow (D:11)
  A swamp worm (Swamp:2)
  36 foxfires
47 creatures vanquished.

Grand Total: 2113 creatures vanquished

Notes
Turn   | Place    | Note
-------+----------+-------------------------------------------
     0 | D:1      | grandjackal the Demonspawn Gladiator began the quest for
                  | the Orb.
     0 | D:1      | Reached XP level 1. HP: 16/16 MP: 1/1
   173 | D:1      | Gained mutation: A meltable shield of frost defends you.
                  | (SH +4) [demonic ancestry]
   173 | D:1      | Reached XP level 2. HP: 22/22 MP: 2/2
   800 | D:2      | Gained mutation: You have a small tail. [demonic ancestry]
   800 | D:2      | Reached XP level 3. HP: 25/28 MP: 3/3
   926 | D:2      | Reached skill level 1 in Armour
  1022 | D:2      | Found a faded altar of an unknown god.
  1266 | D:2      | Reached XP level 4. HP: 33/35 MP: 4/4
  1479 | D:2      | Found a hazy altar of Hepliaklqana.
  1479 | D:2      | Found a blossoming altar of Fedhas.
  1479 | D:2      | Found a stormy altar of Qazlal.
  1479 | D:2      | Found a bloodstained altar of Trog.
  1479 | D:2      | Found a bloodstained altar of Trog.
  2040 | D:3      | Found a sparkling altar of Nemelex Xobeh.
  2098 | D:3      | Found a hazy altar of Hepliaklqana.
  2195 | D:3      | Noticed Natasha
  2198 | D:3      | Killed Natasha
  2199 | D:3      | Gained mutation: A meltable icy envelope protects you from
                  | harm. (AC +8) [demonic ancestry]
  2199 | D:3      | Reached XP level 5. HP: 41/41 MP: 5/5
  2228 | D:3      | Noticed Natasha
  2248 | D:3      | Killed Natasha
  2560 | D:3      | Noticed Natasha
  2568 | D:3      | Killed Natasha
  3055 | D:4      | Noticed a phantom
  3076 | D:4      | Killed a phantom
  3077 | D:4      | Gained mutation: You regenerate magic rapidly. [demonic
                  | ancestry]
  3077 | D:4      | Reached XP level 6. HP: 36/48 MP: 6/6
  3169 | D:3      | Became a worshipper of Nemelex Xobeh the Trickster
  3397 | D:4      | Found Cigeefra's Serpentskin Sales.
  3407 | D:4      | Reached skill level 1 in Invocations
  3464 | D:4      | Found a shimmering blue altar of Sif Muna.
  3568 | D:4      | Identified the +4 scale mail "Zaenaeg" {rPois rF+ Regen+}
  3720 | D:5      | Entered Level 5 of the Dungeon
  3799 | D:4      | Reached skill level 2 in Invocations
  3799 | D:4      | Gained mutation: You are partially covered in slimy green
                  | scales. (AC +2) [demonic ancestry]
  3799 | D:4      | Reached XP level 7. HP: 40/55 MP: 8/8
  3918 | D:5      | Reached skill level 3 in Invocations
  3932 | D:5      | Reached skill level 5 in Fighting
  3932 | D:5      | Reached skill level 5 in Axes
  4001 | D:5      | Reached * piety under Nemelex Xobeh
  4049 | D:5      | Found a staircase to the Ecumenical Temple.
  4106 | D:5      | Found a sacrificial altar of Ru.
  4111 | D:5      | Reached skill level 4 in Invocations
  4341 | D:6      | Gained mutation: You are mostly covered in slimy green
                  | scales. (AC +3) [demonic ancestry]
  4341 | D:6      | Reached XP level 8. HP: 40/62 MP: 11/11
  4424 | D:6      | Noticed a troll
  4640 | D:6      | Reached skill level 5 in Invocations
  4786 | D:6      | Received a gift from Nemelex Xobeh
  4859 | D:7      | Found Nickiq's Magic Scroll Emporium.
  4867 | D:7      | Bought 3 scrolls of blinking for 360 gold pieces
  4867 | D:7      | Bought a scroll of fear for 64 gold pieces
  4965 | D:7      | Noticed Dowan
  4966 | D:7      | Noticed Duvessa
  4981 | D:7      | Killed Duvessa
  4982 | D:7      | Reached skill level 5 in Armour
  4999 | D:7      | Killed Dowan
  5000 | D:7      | Reached skill level 6 in Invocations
  5064 | D:7      | Reached XP level 9. HP: 54/71 MP: 13/13
  5139 | D:7      | Reached ** piety under Nemelex Xobeh
  5285 | D:7      | Found an ornate altar of the Wu Jian Council.
  5898 | D:8      | Found a runed translucent gate.
  5899 | D:8      | Found a runed translucent gate.
  5899 | D:8      | Noticed obanaku's ghost (novice MiBe)
  5906 | D:8      | Found a staircase to the Lair.
  5906 | D:8      | Noticed an orange demon
  5906 | D:8      | Noticed Amaemon
  5909 | D:8      | Noticed a centaur warrior
  5920 | D:8      | Killed Amaemon
  5921 | D:8      | Reached skill level 7 in Invocations
  5926 | D:8      | Killed an orange demon
  5970 | D:8      | Found a runed translucent gate.
  6308 | D:8      | Reached skill level 8 in Invocations
  6494 | D:9      | Noticed Maggie
  6503 | D:9      | Killed Maggie
  6504 | D:9      | Gained mutation: A meltable icy envelope protects you from
                  | harm. (AC +8) [demonic ancestry]
  6504 | D:9      | Reached XP level 10. HP: 67/80 MP: 16/16
  6639 | D:9      | Received a gift from Nemelex Xobeh
  6953 | D:9      | Reached *** piety under Nemelex Xobeh
  7035 | D:9      | Received a gift from Nemelex Xobeh
  7048 | D:9      | Reached skill level 9 in Invocations
  7211 | D:10     | Entered Level 10 of the Dungeon
  7225 | D:10     | Found an ancient bone altar of Kikubaaqudgha.
  7477 | D:10     | Noticed freelancePsychic's ghost (novice DsCA)
  7486 | D:10     | Found a transporter.
  7486 | D:10     | Noticed a wolf spider
  7497 | D:10     | Noticed a moth of wrath
  7512 | D:10     | Found a transporter.
  7558 | D:10     | Received a gift from Nemelex Xobeh
  7708 | D:10     | Found a staircase to the Orcish Mines.
  7862 | D:10     | Reached **** piety under Nemelex Xobeh
  7998 | D:10     | Reached skill level 10 in Invocations
  8091 | D:10     | Received a gift from Nemelex Xobeh
  8267 | D:11     | Noticed a gargoyle
  8274 | D:11     | Killed a gargoyle
  8339 | D:11     | Found a transporter.
  8341 | D:11     | Found a transporter.
  8377 | D:11     | Noticed Fannar
  8390 | D:10     | Reached XP level 11. HP: 86/89 MP: 18/18
  8450 | D:10     | Killed Fannar
  8563 | D:11     | Received a gift from Nemelex Xobeh
  8660 | D:11     | Found a transporter.
  8722 | D:11     | Noticed a boulder beetle
  8744 | D:11     | Killed a boulder beetle
  8824 | D:11     | Found a transporter.
  8840 | D:11     | Reached skill level 11 in Invocations
  8888 | D:12     | Found Rahac's Book Emporium.
  8947 | D:12     | Noticed a skeletal warrior
  8947 | D:12     | Noticed a skeletal warrior
  8980 | D:12     | Found Veur's Jewellery Emporium.
  9045 | D:12     | Found Yhol's Magic Scroll Shop.
  9048 | D:12     | Bought a scroll of teleportation for 51 gold pieces
  9048 | D:12     | Bought a scroll of blinking for 127 gold pieces
  9222 | D:12     | Noticed grandjackal's ghost (journeyman TeCj)
  9223 | D:12     | Noticed an ice dragon
  9249 | D:12     | Found a runed translucent gate.
  9249 | D:12     | Found a runed translucent gate.
  9249 | D:12     | Found a runed translucent gate.
  9305 | D:12     | Found Etyibuith's Antique Armour Shoppe.
  9560 | D:12     | Found Jymig's Magic Scroll Shoppe.
  9560 | D:12     | Noticed a skeletal warrior
  9560 | D:12     | Noticed a skeletal warrior
  9560 | D:12     | Noticed a skeletal warrior
  9560 | D:12     | Noticed a skeletal warrior
  9580 | D:12     | Killed a skeletal warrior
  9581 | D:12     | Reached skill level 10 in Fighting
  9583 | D:12     | Killed a skeletal warrior
  9584 | D:12     | Killed a skeletal warrior
  9589 | D:12     | Killed a skeletal warrior
  9590 | D:12     | Reached skill level 12 in Invocations
  9641 | D:12     | Noticed a skeletal warrior
  9652 | D:12     | Noticed a skeletal warrior
  9654 | D:12     | Killed a skeletal warrior
  9655 | D:12     | Gained mutation: You have a tail ending in a sharp stinger.
                  | [demonic ancestry]
  9655 | D:12     | Reached XP level 12. HP: 98/98 MP: 21/21
  9741 | D:12     | Reached ***** piety under Nemelex Xobeh
  9776 | D:12     | Reached skill level 10 in Axes
 10029 | Lair:1   | Entered Level 1 of the Lair of Beasts
 10341 | Lair:1   | Reached skill level 1 in Shields
 10519 | Lair:1   | Reached skill level 13 in Invocations
 10528 | Lair:1   | Noticed Sonja
 10533 | Lair:1   | Killed Sonja
 11427 | Lair:2   | Noticed a boulder beetle
 11441 | Lair:2   | Found a gate leading to a gauntlet.
 11446 | Lair:2   | Killed a boulder beetle
 11450 | Lair:2   | Received a gift from Nemelex Xobeh
 11450 | Lair:2   | Noticed Erica
 11458 | Lair:2   | Killed Erica
 11492 | Gauntlet | Entered a Gauntlet
 11492 | Gauntlet | Found a transporter.
 11492 | Gauntlet | Found a transporter.
 11492 | Gauntlet | Found a transporter.
 11517 | Gauntlet | Found a transporter.
 11582 | Gauntlet | Identified the ring "Fallob" {rPois rF+ rN+ Str-2 Int+4
                  | Dex-2}
 11623 | Gauntlet | Found a transporter.
 11627 | Gauntlet | Gained mutation: When hurt, damage is shared between your
                  | health and your magic reserves. [demonic ancestry]
 11627 | Gauntlet | Reached XP level 13. HP: 106/106 MP: 23/23
 11658 | Gauntlet | Reached skill level 14 in Invocations
 11683 | Gauntlet | Found a transporter.
 11684 | Gauntlet | Noticed a green death
 11686 | Gauntlet | Identified the ring "Icakh" {Fly Dex+3}
 11799 | Gauntlet | Found a transporter.
 11849 | Gauntlet | Noticed a minotaur
 11868 | Gauntlet | Killed a minotaur
 12528 | Lair:3   | Received a gift from Nemelex Xobeh
 12531 | Lair:3   | Found a staircase to the Swamp.
 12546 | Lair:3   | Reached skill level 5 in Shields
 12899 | Lair:3   | Found a hole to the Spider Nest.
 13225 | Lair:3   | Reached ****** piety under Nemelex Xobeh
 13764 | Lair:4   | Reached skill level 15 in Invocations
 14299 | Lair:5   | Entered Level 5 of the Lair of Beasts
 14420 | Lair:4   | Gained mutation: You have a sharp stinger which inflicts
                  | weakening toxins. [demonic ancestry]
 14420 | Lair:4   | Reached XP level 14. HP: 102/116 MP: 21/25
 14530 | Lair:5   | Received a gift from Nemelex Xobeh
 14575 | Lair:5   | Found a blossoming altar of Fedhas.
 14729 | Lair:5   | Reached skill level 16 in Invocations
 15192 | Lair:5   | Received a gift from Nemelex Xobeh
 15422 | Lair:5   | Found a viscous altar of Jiyva.
 15422 | Lair:5   | Found a staircase to the Slime Pits.
 15724 | Orc:1    | Entered Level 1 of the Orcish Mines
 15724 | Orc:1    | Found Rekihil's Armour Boutique.
 15798 | Orc:2    | Entered Level 2 of the Orcish Mines
 15828 | Orc:2    | Found a staircase to the Elven Halls.
 15962 | Orc:2    | Paralysed by an orc sorcerer for 3 turns
 16221 | Orc:1    | Reached skill level 17 in Invocations
 16256 | Orc:1    | Received a gift from Nemelex Xobeh
 16274 | Orc:1    | You fall into a shaft and drop 1 floor!
 16288 | Orc:2    | Paralysed by an orc sorcerer for 3 turns
 16368 | Orc:2    | Received a gift from Nemelex Xobeh
 16652 | Orc:2    | Noticed an orc warlord
 16663 | Orc:2    | Killed an orc warlord
 16848 | Orc:2    | Gained mutation: You punish those that try to bend your
                  | will. (Will+) [demonic ancestry]
 16848 | Orc:2    | Reached XP level 15. HP: 79/127 MP: 18/27
 16921 | Orc:2    | Found a runed translucent gate.
 16923 | Orc:2    | Found a runed translucent gate.
 16924 | Orc:2    | Found a runed translucent gate.
 16925 | Orc:2    | Noticed bmb222's ghost (journeyman FoSh)
 16925 | Orc:2    | Identified the +1 chain mail of the Lily {Will+}
 17035 | Orc:2    | Received a gift from Nemelex Xobeh
 17048 | Orc:2    | Found Jecs's Book Shoppe.
 17048 | Orc:2    | Found Xohud's Weapon Shoppe.
 17049 | Orc:2    | Found Epnor's Magic Scroll Shoppe.
 17049 | Orc:2    | Found Fobuamm's Armour Emporium.
 17057 | Orc:2    | Bought a scroll of torment for 104 gold pieces
 17057 | Orc:2    | Bought a scroll of fog for 44 gold pieces
 17057 | Orc:2    | Bought a scroll of teleportation for 33 gold pieces
 17057 | Orc:2    | Bought a scroll of teleportation for 33 gold pieces
 17057 | Orc:2    | Bought a scroll of immolation for 44 gold pieces
 17803 | D:13     | Found a portal to a secret trove of treasure.
 18128 | D:13     | Received a gift from Nemelex Xobeh
 18270 | D:14     | Noticed Roxanne
 18279 | D:14     | Reached skill level 18 in Invocations
 18325 | D:14     | Killed Roxanne
 18430 | D:14     | Received a gift from Nemelex Xobeh
 18509 | D:14     | Reached skill level 15 in Fighting
 18531 | D:14     | Noticed Nessos
 18603 | D:14     | Killed Nessos
 18936 | D:14     | Found a gate to the Vaults.
 19020 | D:14     | Noticed Agnes
 19029 | D:14     | Killed Agnes
 19074 | D:14     | Found a shimmering blue altar of Sif Muna.
 19192 | D:15     | Entered Level 15 of the Dungeon
 19436 | D:15     | Found Etzin's Book Shop.
 19447 | D:15     | Reached skill level 19 in Invocations
 19756 | D:15     | Found a staircase to the Depths.
 19824 | D:15     | Received a gift from Nemelex Xobeh
 20281 | Spider:1 | Entered Level 1 of the Spider Nest
 20311 | Spider:1 | Reached XP level 16. HP: 124/137 MP: 25/29
 20945 | Spider:1 | Received a gift from Nemelex Xobeh
 21250 | Spider:2 | Received a gift from Nemelex Xobeh
 21255 | Spider:2 | Reached skill level 15 in Axes
 21728 | Spider:2 | Reached skill level 20 in Invocations
 22037 | Spider:2 | Received a gift from Nemelex Xobeh
 22248 | Spider:2 | Received a gift from Nemelex Xobeh
 22499 | Spider:2 | Noticed Arachne
 22517 | Spider:2 | Killed Arachne
 22701 | Spider:3 | Noticed Mlioglotl
 22701 | Spider:3 | Received a gift from Nemelex Xobeh
 22704 | Spider:3 | Killed Mlioglotl
 22958 | Spider:3 | Identified the serpent talisman "Xeipn" {rPois rC- rN+
                  | Dex+2}
 22958 | Spider:3 | Noticed Aizul
 22982 | Spider:3 | Killed Aizul
 23360 | Spider:3 | Received a gift from Nemelex Xobeh
 23467 | Spider:4 | Entered Level 4 of the Spider Nest
 24136 | Spider:4 | Gained mutation: You are completely covered in slimy green
                  | scales. (AC +4, rPois) [demonic ancestry]
 24136 | Spider:4 | Reached XP level 17. HP: 89/147 MP: 21/31
 24244 | Spider:4 | Reached skill level 21 in Invocations
 24965 | Spider:4 | Received a gift from Nemelex Xobeh
 24981 | Spider:4 | Got a gossamer rune of Zot
 25004 | Spider:4 | Identified the +0 pair of gloves of Failure {*Corrode rPois
                  | rN+++ Int+4}
 25408 | Swamp:1  | Entered Level 1 of the Swamp
 26001 | Swamp:1  | Noticed Kirke
 26013 | Swamp:1  | Killed Kirke
 26281 | Swamp:2  | Reached skill level 22 in Invocations
 26348 | Swamp:2  | Noticed Nikola
 26385 | Swamp:2  | Killed Nikola
 26407 | Swamp:2  | Received a gift from Nemelex Xobeh
 26996 | Swamp:3  | Received a gift from Nemelex Xobeh
 27266 | Swamp:3  | Reached XP level 18. HP: 154/158 MP: 17/33
 27673 | Swamp:4  | Entered Level 4 of the Swamp
 27711 | Swamp:4  | Noticed Bai Suzhen
 27739 | Swamp:3  | Bai Suzhen changed into Bai Suzhen the iron giant
 27739 | Swamp:3  | Noticed Bai Suzhen
 27746 | Swamp:3  | Killed Bai Suzhen the iron giant
 28411 | Swamp:4  | Received a gift from Nemelex Xobeh
 28507 | Swamp:4  | Paralysed by a fenstrider witch for 4 turns
 28955 | Swamp:4  | Reached skill level 23 in Invocations
 29239 | Swamp:4  | Got a decaying rune of Zot
 29681 | Elf:1    | Entered Level 1 of the Elven Halls
 29765 | Elf:1    | Received a gift from Nemelex Xobeh
 30173 | Elf:1    | Found Suatt's Magic Scroll Shop.
 30181 | Elf:1    | Bought a scroll of fear for 60 gold pieces
 30181 | Elf:1    | Bought a scroll of teleportation for 45 gold pieces
 30181 | Elf:1    | Bought a scroll of blinking for 112 gold pieces
 30181 | Elf:1    | Bought a scroll of enchant weapon for 112 gold pieces
 30183 | Elf:1    | Found Hoexidux's Distillery.
 30187 | Elf:1    | Bought a potion of heal wounds for 85 gold pieces
 30187 | Elf:1    | Bought a potion of curing for 51 gold pieces
 30187 | Elf:1    | Bought a potion of heal wounds for 85 gold pieces
 30220 | Elf:1    | Received a gift from Nemelex Xobeh
 30466 | Elf:1    | Paralysed by an air elemental for 1 turns
 30468 | Elf:1    | Paralysed by an air elemental for 1 turns
 30743 | Elf:2    | Found the +7 great mace "Undeadhunter" {deathbane, rN+}
 30765 | Elf:2    | Noticed Jorgrun
 30776 | Elf:2    | Killed Jorgrun
 30791 | Elf:2    | Found Zosut's Neck Hole.
 30807 | Elf:2    | Bought an amulet of reflection for 360 gold pieces
 30840 | Elf:2    | Received a gift from Nemelex Xobeh
 30849 | Elf:2    | Found a crumbling gateway.
 30867 | Desolati | Entered the Desolation of Salt
 31181 | Desolati | Reached XP level 19. HP: 146/167 MP: 0/34
 31492 | Desolati | Reached skill level 24 in Invocations
 31881 | Desolati | Identified the +1 chain mail "Iraires" {rPois Will+ MP+9
                  | Stlth+}
 31888 | Desolati | Identified the +7 hand axe of Baidghiunn {speed, rCorr
                  | Stlth+}
 32017 | Desolati | Received a gift from Nemelex Xobeh
 32824 | Elf:2    | Found Zennozoe's Antique Armour Boutique.
 32848 | Elf:2    | Bought a heavily runed kite shield for 256 gold pieces
 32848 | Elf:2    | Identified the +0 kite shield of Higgoule {*Slow rN+ Int+3}
                  | (You bought it in a shop on level 2 of the Elven Halls)
 32916 | Elf:2    | Found a runed translucent gate.
 32916 | Elf:2    | Found a runed translucent gate.
 32916 | Elf:2    | Found a runed translucent gate.
 33128 | Elf:3    | Entered Level 3 of the Elven Halls
 33574 | Elf:3    | Noticed Donald
 33588 | Elf:3    | Killed Donald
 33870 | Elf:3    | Received a gift from Nemelex Xobeh
 33915 | Elf:3    | Reached skill level 10 in Armour
 33967 | Elf:3    | Reached skill level 25 in Invocations
 34111 | Elf:3    | Reached XP level 20. HP: 125/178 MP: 36/36
 34112 | Elf:3    | Gained mutation: You are weak. (Str -2) [a cacodemon]
 34274 | Elf:3    | Identified the +7 double sword of the Hidden Souls {venom,
                  | rPois rF++}
 34274 | Elf:3    | Identified the ring "Nuapsodd" {rF+ rC- Dex+3 Slay+5 SInv}
 34320 | Elf:3    | Identified the +6 flail "Sielul" {distort, Int+5}
 34327 | Elf:3    | Got the Enchiridion on Bodies
 34333 | Elf:3    | Identified the +10 trident "Honeranul" {drain, rF+++ Str-4
                  | Dex-4}
 34336 | Elf:3    | Identified the +9 scimitar of Integrity {freeze, Int+3
                  | Dex+2}
 34374 | Elf:3    | Got Jofrups's Tome of Vile Air
 35065 | Vaults:1 | Entered Level 1 of the Vaults
 35091 | Vaults:1 | Identified the +0 long sword of Shrieking Terror {heavy,
                  | Str+2}
 36224 | Vaults:1 | Received a gift from Nemelex Xobeh
 36678 | Vaults:1 | Received a gift from Nemelex Xobeh
 36970 | Vaults:1 | Identified the +0 robe of Autotheism {rF+ Will+ Regen+
                  | Int-4}
 37879 | Vaults:2 | HP: 5/180 [orc knight/+0 halberd (11)]
 38938 | Vaults:2 | Reached skill level 26 in Invocations
 39186 | Vaults:2 | Found Gipofy's Book Boutique.
 39251 | Vaults:2 | Received a gift from Nemelex Xobeh
 39655 | Vaults:3 | Received a gift from Nemelex Xobeh
 39859 | Vaults:3 | Reached XP level 21. HP: 176/186 MP: 21/38
 40345 | Vaults:3 | Reached skill level 10 in Shields
 40602 | Vaults:3 | Paralysed by a formless jellyfish for 1 turns
 40632 | Vaults:3 | Received a gift from Nemelex Xobeh
 41037 | Vaults:3 | Found Rakaizaypt's Armour Emporium.
 41040 | Vaults:3 | Bought +2 gold dragon scales for 1840 gold pieces
 41245 | Vaults:3 | Found a staircase to the Crypt.
 41532 | Vaults:4 | Received a gift from Nemelex Xobeh
 42210 | Vaults:4 | Received a gift from Nemelex Xobeh
 43380 | Vaults:4 | Paralysed by a sphinx for 2 turns
 43680 | Crypt:1  | Entered Level 1 of the Crypt
 43730 | Crypt:1  | Noticed Zenata
 43762 | Crypt:1  | Killed Zenata
 43763 | Crypt:1  | Reached skill level 27 in Invocations
 44120 | Crypt:1  | Received a gift from Nemelex Xobeh
 44414 | Crypt:1  | Received a gift from Nemelex Xobeh
 45038 | Crypt:2  | Reached XP level 22. HP: 138/196 MP: 11/39
 45380 | Crypt:2  | Received a gift from Nemelex Xobeh
 46563 | Crypt:3  | Entered Level 3 of the Crypt
 46649 | Crypt:3  | Found a magical portal.
 46676 | WizLab   | Entered Borgnjor's Mausoleum
 46676 | WizLab   | Received a gift from Nemelex Xobeh
 48232 | Crypt:3  | Found a staircase to the Tomb.
 48455 | Crypt:3  | Found a runed translucent door.
 48457 | Crypt:3  | Noticed Rudyous's ghost (veteran DjIE)
 49682 | Crypt:3  | Received a gift from Nemelex Xobeh
 49698 | Crypt:3  | Found a basalt altar of Yredelemnul.
 49700 | Crypt:3  | Found an ancient bone altar of Kikubaaqudgha.
 50062 | Depths:1 | Entered Level 1 of the Depths
 50216 | Depths:1 | Received a gift from Nemelex Xobeh
 50316 | Depths:1 | Found a gateway to Hell.
 50432 | Depths:1 | Reached skill level 15 in Armour
 50432 | Depths:1 | Gained mutation: You are resistant to unholy torment.
                  | [demonic ancestry]
 50432 | Depths:1 | Reached XP level 23. HP: 206/207 MP: 34/40
 50834 | Depths:1 | Found a one-way gate leading to the halls of Pandemonium.
 50947 | Depths:2 | Found Jegoty Tamn's Jewellery Shoppe.
 51065 | Depths:2 | Received a gift from Nemelex Xobeh
 51084 | Depths:2 | Found a one-way gateway to a ziggurat.
 51159 | Depths:2 | Found a shadowy altar of Dithmenos.
 52501 | Depths:3 | Received a gift from Nemelex Xobeh
 53080 | Depths:3 | Found a one-way gate to the infinite horrors of the Abyss.
 53870 | Depths:3 | Noticed Sojobo
 53889 | Depths:3 | Killed Sojobo
 54537 | Depths:3 | Identified the staff of Premature Burial {rElec Will++
                  | Int+7 Dex-4 Air}
 54800 | Depths:3 | Identified the +8 flail of Xyseuj {antimagic, rC- Will+
                  | SInv Stlth+}
 55340 | Depths:4 | Entered Level 4 of the Depths
 55341 | Depths:4 | Received a gift from Nemelex Xobeh
 55357 | Depths:4 | Noticed Mennas
 55363 | Depths:4 | Reached skill level 15 in Shields
 55584 | Depths:4 | Mennas changed into Mennas the ophan
 55584 | Depths:4 | Noticed Mennas
 55584 | Depths:4 | Mennas the ophan changed into Mennas the holy swine
 55584 | Depths:4 | Noticed Mennas
 55585 | Depths:4 | Killed Mennas the holy swine
 55693 | Depths:4 | Gained mutation: When low on magic, you restore magic in
                  | place of health. [demonic ancestry]
 55693 | Depths:4 | Reached XP level 24. HP: 80/216 MP: 6/40
 56110 | Depths:4 | Identified the staff of Ruesseiph {rF+ rC+ rN+ Ice}
 56110 | Depths:4 | Identified the ring "Tuon" {Ice +Blink rPois rCorr Str-4}
 56110 | Depths:4 | Identified the death talisman of Vehumet's Castigation
                  | {+Blink rC+}
 56110 | Depths:4 | Noticed Josephina
 56112 | Depths:4 | Killed from afar by Josephina

Illustrated notes

Levels and vault maps discovered:
D:1:      roderic_dead_forest, layout_loops_ring, glass_columns_b,
          chequers_decorated_corner
D:2:      cheibrodos_fertilizer, layout_basic, shapermc_ecumenical_altar_ellora,
          minmay_cut_off
D:3:      layout_loops_ring, mainiacjoe_overflow_chevrons,
          nemelex_diamond_rough_becter, portal_sewer_entry_f, uniq_natasha
D:4:      layout_cave_pools, mainiacjoe_overflow_small_starburst,
          minmay_misc_feat_secret_circle, guppyfry_shop_venom
D:5:      layout_rooms, mainiacjoe_overflow_paths,
          minmay_temple_entry_sparse_star
D:6:      layout_rooms, kennysheep_generic_room_16
D:7:      layout_cave_pods, mainiacjoe_overflow_cross_hatched, serial_shops,
          shop, uniq_duvessa
D:8:      layout_basic, lair_entry_dummy, gammafunk_ghost_split,
          amcnicky_mini_pool_small, minmay_misc_feat_alley, uniq_amaemon
D:9:      layout_roguey, nicolae_elyvilon_peaceful_grove, uniq_maggie
D:10:     layout_stronghold, kennysheep_little_box, zin_treasury, orc_0_dummy,
          gammafunk_ghost_berserking_beasts, hangedman_decor_slide_cut
D:11:     layout_rooms, nicolae_transporter_circle, uniq_fannar
D:12:     layout_roguey, serial_shops, nicolae_shop_real_fake_doors,
          nicolae_shop_rolling_square, nicolae_book_shop_shelving,
          nicolae_shop_overgrown_old_shop, shop, gammafunk_ghost_icy,
          serial_library_hellmonk_u_bend, minivault_1
D:13:     layout_loops_ring, enter_trove_1
D:14:     layout_cave_pools, grunt_vaults_entry_fortified, nrook_uturn, tgw_sif,
          uniq_roxanne, uniq_agnes, uniq_nessos
D:15:     grunt_enter_depths_magical_seal, layout_basic,
          hangedman_abyss_or_decor_stagger, serial_shops, shop_statue
Lair:1:   lemuel_ratsnest, layout_gridlike, dpeg_stationary_puzzle, uniq_sonja
Lair:2:   layout_long_grid, gauntlet_entry_generic, uniq_erica
Lair:3:   layout_roguey [special_room_bee], minmay_swamp_entry_wisps,
          nicolae_spider_entry_tight_spaces, chequers_serial_rivers_micro_d,
          infiniplex_staircase_pool_2
Lair:4:   layout_long_grid, dreamdust_deal_with_the_devil,
          grunt_forest_stairs_basic, cheibrodos_lair_caveside_slide,
          minivault_25, serial_bayou_shore_b, serial_bayou_shore_a
Lair:5:   guppyfry_lair_end_dragon, layout_misc_corridors,
          hangedman_lair_caniforms_friends, slime_entry_1, basic_altar,
          grunt_megastairs_5
Swamp:1:  layout_basic_swamp, evilmike_swamp_ruin_rubble_2, swamp_pool_1_2,
          nicolae_swamp_bean_lake, uniq_kirke
Swamp:2:  layout_basic_swamp, nicolae_swamp_some_circles, uniq_nikola
Swamp:3:  layout_falls_marsh, evilmike_swamp_ruin_wall
Swamp:4:  nzn_swamp_witches_coven, layout_basic_swamp, swamp_pool_3,
          uniq_bai_suzhen
Spider:1: layout_spider_delve
Spider:2: layout_chambers, hangedman_spider_tarantella_strand,
          nicolae_spider_cling_halls, uniq_arachne
Spider:3: layout_spider_delve, uniq_mlioglotl, uniq_aizul
Spider:4: hellmonk_spider_rune_endless_swarm
Orc:1:    layout_caves, serial_shops, shop
Orc:2:    st_orc_pillars, layout_caves, biasface_ghost_orc_armoury
Elf:1:    eino_elf_arrival_customs, layout_geoelf_grid, minivault_28,
          minmay_shop_star
Elf:2:    nicolae_elf_blades_splatter_lattice [nooodl_blade_entry_preview],
          layout_loops_cross, serial_shops, nicolae_shop_trees,
          portal_desolation_entry_ruin, nicolae_elf_w_pinch,
          nicolae_shop_sticking_my_neck_out, uniq_jorgrun
Elf:3:    elf_hall, layout_loops_cross, uniq_donald
Vaults:1: nicolae_vaults_three_branches, nicolae_vaults_shrinking_rooms_2,
          nicolae_vaults_double_plus_1, vaults_standard_mumra_lines, v_misc_23,
          vaults_room_grid, nicolae_vaults_network_periphery,
          vaults_standard_mumra_enter_the_diamond,
          nicolae_vaults_more_shelving_2, ontoclasm_vaults_decontamination,
          nicolae_vaults_tangram_2, special_room_vaults [special_room_orc],
          ontoclasm_vaults_twist, v_misc_14, layout_vaults_omnicross
Vaults:2: grunt_vaults_funnel, nicolae_vaults_network_star,
          nicolae_vaults_shipping_containers_4,
          nicolae_vaults_closet_pinwheel_1, vaults_mumra_hex,
          nicolae_vaults_closet_pinwheel_2, layout_vaults_big_room,
          serial_shops, nicolae_shop_back_alley_shop
Vaults:3: nicolae_vaults_stepped_doors, v_rooms_1, ontoclasm_vaults_ligature,
          special_room_vaults [special_room_orc], v_misc_17,
          vaults_standard_mumra_x, hangedman_vaults_corner_blocks,
          nicolae_vaults_little_squares_2, nicolae_vaults_disjoint_gnomons,
          vaults_room_fours, minmay_crypt_entry_simple_round,
          hangedman_vaults_stretched_pinwheel, layout_vaults_omnibox,
          serial_shops, nicolae_shop_trees
Vaults:4: hangedman_vaults_capsules, nicolae_vaults_double_plus_3, v_rooms_4,
          nicolae_vaults_closet_pinwheel_3, v_misc_27, dpeg_vaults_monster_box,
          v_misc_26, vaults_room_guarded_vault,
          nicolae_vaults_diagonal_hallway_7, nicolae_vaults_apartment_1,
          layout_vaults_quadrants
Crypt:1:  layout_chaotic_city, grunt_crypt_arrival_webbed, uniq_zenata
Crypt:2:  layout_chaotic_city, weyrava_ghost_lake
Crypt:3:  lightli_unholy_cathedral, layout_chaotic_city,
          tomb_entry_pyramid_bobbens, lightli_enter_wizlab_magi_temple,
          ebering_ghost_reflecting_pool
Depths:1: layout_roguey, hell_entry, rand_demon_pan_entry_9,
          hangedman_stitches_earthworm
Depths:2: minmay_slanted_spiral_squares, layout_cave_pools, enter_ziggurat_b,
          hangedman_glass_teeth, grunt_hell_entry_dis_grunt,
          rand_demon_pan_entry_1, nicolae_take_the_stairs,
          hangedman_decor_opposing, nicolae_dithmenos_shadow_blocks
Depths:3: hangedman_box_tower, layout_cave_shapes, hell_entry,
          minmay_strange_pillars, abyss_entry, rand_demon_pan_entry_4,
          uniq_sojobo
Depths:4: grunt_crosshair, layout_basic, grunt_hell_entry_demonic_statue,
          abyss_entry, uniq_mennas, uniq_josephina, uniq_margery

Skill      XL: |  1  2  3  4  5  6  7  8  9 10 11 12 13 14 15 16 17 18 19 20 21 22 23 |
---------------+----------------------------------------------------------------------+-----
Axes           | 3 4 5 6 7 8 9 10 12 13 14 15 16 18 | 18.5
Dodging        | 3 |  3.0
Armour         | 1 2 3 4 5 6 7 9 10 11 13 15 16 | 16.6
Fighting       | 3 4 5 6 7 9 10 11 12 14 15 17 18 19 20 21 22 23 24 | 24.3
Invocations    | 2 4 6 8 10 12 13 15 17 19 20 22 23 25 26 27 | 27.0
Shields        | 3 6 7 9 11 13 15 | 15.2
Throwing       | |  1.7

Action                     |  1- 3 |  4- 6 |  7- 9 | 10-12 | 13-15 | 16-18 | 19-21 | 22-24 || total
---------------------------+-------+-------+-------+-------+-------+-------+-------+-------++-------
  Melee: War axe           |    90 |   173 |   313 |   486 |       |       |       |       ||  1062
         Tailslap          |       |    22 |    56 |   129 |   267 |   296 |   349 |   406 ||  1525
         Punch             |       |     1 |     6 |    11 |       |       |       |       ||    18
         Broad axe         |       |       |       |   253 |  1190 |  1590 |  1503 |  1545 ||  6081
         Hand axe          |       |       |       |       |    74 |    63 |       |       ||   137
         Unarmed           |       |       |       |       |       |       |     2 |       ||     2
 Invoke: Draw Destruction  |       |       |       |    10 |    24 |    23 |    19 |     7 ||    83
         Draw Summoning    |       |       |       |     6 |     4 |       |     6 |     9 ||    25
         Draw Escape       |       |       |       |       |       |       |     2 |       ||     2
         Triple Draw       |       |       |       |       |       |       |       |     1 ||     1
         Deal Four         |       |       |       |       |       |       |       |     2 ||     2
  Evoke: Wand              |       |       |     3 |     6 |     1 |     1 |     3 |       ||    14
    Use: Potion            |       |     2 |     1 |     3 |       |     6 |     5 |     7 ||    24
         Scroll            |       |       |       |    21 |    11 |     9 |     8 |    10 ||    59
   Stab: Distracted        |       |       |       |       |     2 |     1 |       |       ||     3
         Confused          |       |       |       |       |       |       |       |     1 ||     1
 Armour: Leather armour    |     4 |       |       |       |       |       |       |       ||     4
         Chain mail        |    67 |   117 |       |       |       |       |       |       ||   184
         Scale mail        |       |    56 |   279 |   719 |  1353 |  1299 |       |       ||  3706
         Storm dragon scal |       |       |       |       |       |   338 |   887 |       ||  1225
         Skin              |       |       |       |       |       |       |     7 |       ||     7
         Gold dragon scale |       |       |       |       |       |       |   162 |  1344 ||  1506
  Dodge: Dodged            |    41 |   119 |   194 |   474 |   779 |   760 |   263 |   136 ||  2766
  Block: Other             |    11 |    41 |    56 |   160 |       |       |     3 |       ||   271
         Buckler           |       |       |       |    13 |   718 |   777 |   761 |       ||  2269
         Reflection        |       |       |       |       |       |       |    91 |    16 ||   107
         Kite shield       |       |       |       |       |       |       |   193 |  1394 ||  1587

Table legend: (Time is in decaauts)
 A = Elapsed time spent in this place.
 B = Non-inter-level travel time spent in this place.
 C = Inter-level travel time spent in this place.
 D = Time resting spent in this place.
 E = Time spent auto-exploring this place.
 F = Levels seen in this place.
 G = Mean time per level.
                   A        B        C        D        E       F      G
               +--------+--------+--------+--------+--------+-----+--------+
         Total |  55453 |  52597 |   2856 |  11061 |  29032 |  47 | 1179.9 |
       Dungeon |  13242 |  11934 |   1308 |   1344 |   7696 |  15 |  882.8 |
          Lair |   5244 |   4936 |    308 |    232 |   3300 |   5 | 1048.8 |
         Swamp |   4028 |   3918 |    110 |   1021 |   2049 |   4 | 1007.0 |
   Spider Nest |   4994 |   4741 |    253 |    688 |   2783 |   4 | 1248.5 |
  Orcish Mines |   2011 |   1801 |    210 |    122 |    956 |   2 | 1005.5 |
   Elven Halls |   3831 |   3681 |    150 |    672 |   2116 |   3 | 1277.0 |
        Vaults |   8414 |   8133 |    281 |   2626 |   4265 |   4 | 2103.5 |
         Crypt |   5313 |   5212 |    101 |   1689 |   2495 |   3 | 1771.0 |
        Depths |   5871 |   5740 |    131 |   1649 |   2941 |   4 | 1467.8 |
        Wizlab |    805 |    805 |      0 |    357 |     66 |   1 |  805.0 |
    Desolation |   1248 |   1248 |      0 |    504 |    363 |   1 | 1248.0 |
      Gauntlet |    446 |    446 |      0 |    157 |      0 |   1 |  446.0 |
               +--------+--------+--------+--------+--------+-----+--------+

Top non-repeatable levels by time:
Depths:3: 2775 daAuts
Vaults:2: 2317 daAuts
Vaults:4: 2233 daAuts
 Crypt:2: 2184 daAuts
 Crypt:3: 2163 daAuts
Vaults:1: 1988 daAuts
Vaults:3: 1874 daAuts
Spider:4: 1787 daAuts
Spider:2: 1504 daAuts
Depths:2: 1494 daAuts
   Elf:3: 1422 daAuts
 Swamp:4: 1409 daAuts
   Orc:2: 1363 daAuts
   Elf:2: 1349 daAuts
    D:10: 1332 daAuts
